 Dungeon Crawl Stone Soup version 0.32-a0-996-gb3226c233f (webtiles) character file.

Game seed: 1809735663938257433

4 KennySheep the Charlatan (level 1, 0/15 HPs)
             Began as a Mountain Dwarf Wanderer on Apr 24, 2024.
             Slain by a jackal (1 damage)
             ... on level 1 of the Dungeon.
             The game lasted 00:02:53 (167 turns).

KennySheep the Charlatan (Mountain Dwarf Wanderer)   Turns: 167, Time: 00:02:53

Health: 0/15       AC:  3    Str: 17    XL:     1   Next: 58%
Magic:  3/3        EV: 10    Int: 11    God:
Gold:   11         SH:  0    Dex:  7    Spells: 2/3 levels left

rFire   . . .        a - +0 club
rCold   . . .        (no shield)
rNeg    . . .        d - +0 leather armour
rPois   .            (no helmet)
rElec   .            (no cloak)
rCorr   .            (no gloves)
SInv    .            (no boots)
Will    .....        (no amulet)
Stlth   +            (no ring)
HPRegen 0.22/turn    (no ring)
MPRegen 0.08/turn

%: no passive effects
@: no status effects
A: runic magic, artefact enchanting
a: no special abilities


You were on level 1 of the Dungeon.
You visited 1 branch of the dungeon, and saw 1 of its levels.

You collected 11 gold pieces.

Inventory:

Hand Weapons
 a - a +0 club (weapon)
Armour
 d - a +0 leather armour (worn)
Wands
 e - a wand of roots (4)
Scrolls
 f - a scroll of noise {unknown}
Potions
 b - a potion of lignification
 c - a potion of berserk rage


   Skills:
 + Level 0.6 Fighting
 + Level 0.6 Maces & Flails
 + Level 0.5 Armour
 - Level 1.0 Stealth
 - Level 1.7 Spellcasting
 - Level 3.2 Necromancy
 - Level 4.3 Evocations


You had 2 spell levels left.
You knew the following spells:

 Your Spells              Type           Power      Damage    Failure   Level
a - Kiss of Death         Conj/Necr      16%        2d6       16%         1

Your spell library contained the following spells:

 Spells                   Type           Power      Damage    Failure   Level
 Vampiric Draining        Necr           8%         2d6       24%         3


Dungeon Overview and Level Annotations

Branches:
Dungeon (1/15)

Altars:


Innate Abilities, Weirdness & Mutations

Your spellcasting is much less encumbered by armour.
You can use scrolls of enchantment on lesser artefacts.


Message History

You kill the jackal!
You closely miss the jackal.
The jackal bites you but does no damage. x2
You hit the jackal but do no damage. The jackal closely misses you.
The jackal bites you.
You closely miss the jackal. The jackal misses you. The jackal bites you.
You barely miss the jackal. The jackal closely misses you.
You barely miss the jackal.
The jackal bites you but does no damage. x2
You closely miss the jackal. The jackal bites you.
The jackal bites you but does no damage.
You completely miss the jackal. The jackal barely misses you.
The jackal bites you but does no damage.
You barely miss the jackal. The jackal bites you.
You hit the jackal but do no damage. The jackal bites you.
* * * LOW HITPOINT WARNING * * *
The jackal bites you but does no damage.
You closely miss the jackal. The jackal misses you.
The jackal closely misses you.
You hit the jackal.
The jackal is heavily wounded.
The jackal closely misses you. The jackal barely misses you.
You barely miss the jackal.
The jackal is heavily wounded.
The jackal bites you but does no damage.
The jackal barely misses you.
You hit the jackal but do no damage.
The jackal is heavily wounded.
The jackal bites you but does no damage.
You hit the jackal.
The jackal is severely wounded.
The jackal bites you.
* * * LOW HITPOINT WARNING * * *
The jackal closely misses you.
You completely miss the jackal.
The jackal is severely wounded.
The jackal bites you.
* * * LOW HITPOINT WARNING * * *
The jackal bites you.
You die...

##### #.# #........#...#
#.# +........#...# #.#
#....... #...# #.# #......
#...# #.# ..... #...# #.#
... #...# #.# #h# #...#
#.# #@######...####.#
#.##.).....'....#
#.##.####.##.###...#######
......†.............>.....
#.##.####.......########.#
......###### #.# #(######
#.. ##. ###.


You could see a jackal.

Vanquished Creatures
  3 jackals (D:1)
  A frilled lizard (D:1)
4 creatures vanquished.

Notes
Turn   | Place    | Note
-------+----------+-------------------------------------------
     0 | D:1      | KennySheep the Mountain Dwarf Wanderer began the quest for
                  | the Orb.
     0 | D:1      | KennySheep set off with the following items: a +0 club, a
                  | potion of lignification, a potion of berserk rage, a +0
                  | leather armour, a wand of roots (4); and the following
                  | spell memorised: Kiss of Death; and the following spells
                  | available to memorise: Vampiric Draining.
     0 | D:1      | Reached XP level 1. HP: 14/14 MP: 3/3
   167 | D:1      | Slain by a jackal

Illustrated notes

Levels and vault maps discovered:
D:1:      erik_arrival_orb_chamber, layout_basic,
          chequers_ecumenical_altar_grove, grunt_decor_fettered,
          interstate_on_off

Action                     || total
---------------------------++-------
  Melee: Club              ||    44
 Armour: Leather armour    ||    39
  Dodge: Dodged            ||    30

Table legend: (Time is in decaauts)
 A = Elapsed time spent in this place.
 B = Non-inter-level travel time spent in this place.
 C = Inter-level travel time spent in this place.
 D = Time resting spent in this place.
 E = Time spent auto-exploring this place.
 F = Levels seen in this place.
 G = Mean time per level.
                   A        B        C        D        E       F      G
               +--------+--------+--------+--------+--------+-----+--------+
         Total |    179 |    179 |      0 |      0 |    115 |   1 |  179.0 |
       Dungeon |    179 |    179 |      0 |      0 |    115 |   1 |  179.0 |
               +--------+--------+--------+--------+--------+-----+--------+

Top non-repeatable levels by time:
     D:1: 179 daAuts
